 Dungeon Crawl Stone Soup version 0.17.0-25-gefc9c12 (webtiles) character file.

56 M4edhros the Charlatan (level 3, -5/23 HPs)
             Began as an Octopode Artificer on Nov 18, 2015.
             Slain by a hippogriff (8 damage)
             ... on level 4 of the Dungeon.
             The game lasted 00:01:38 (1558 turns).

M4edhros the Charlatan (Octopode Artificer)         Turns: 1558, Time: 00:01:38

Health: -5/23      AC:  1    Str: 10    XL:     3   Next: 95%
Magic:  15/15      EV:  8    Int: 14    God:
Gold:   120        SH: 10    Dex: 13    Spells: 0 memorised, 2 levels left

rFire  . . .     SeeInvis .     k - +0 dagger (drain)
rCold  . . .     Clarity  .     m - +0 large shield
rNeg   . . .     SustAt   .     (helmet restricted)
rPois  .         Gourm    .     (no amulet)
rElec  .         Spirit   .     t - ring of magical power
rCorr  .         Warding  .     (no ring)
rMut   .         Stasis   .     (no ring)
MR     .....                    (no ring)
Stlth  +++.......               (no ring)
                                (no ring)
                                (no ring)
                                (no ring)

@: not resistant to hostile enchantments, fairly stealthy
A: almost no armour, amphibious, 8 rings, constrict 8, camouflage 1, gelatinous
body 1
a: no special abilities


You were on level 4 of the Dungeon.
You were hungry.

You visited 1 branch of the dungeon, and saw 4 of its levels.

You collected 120 gold pieces.

Inventory:

Hand Weapons
 a - a +0 short sword
 k - a +0 dagger of draining (weapon)
Missiles
 h - 16 sling bullets
Armour
 m - a +0 large shield (worn)
Jewellery
 t - a ring of magical power (left tentacle)
Wands
 b - a wand of flame (15)
 c - a wand of enslavement (13)
 d - a wand of random effects (13)
Scrolls
 f - a scroll of blinking {unknown}
 g - a scroll of enchant weapon {unknown}
 j - 2 scrolls of identify {unknown}
 l - 3 scrolls of remove curse {unknown}
 q - a scroll of fear {unknown}
 s - a scroll of recharging {unknown}
Potions
 i - a potion of flight {unknown}
 n - 2 potions of heal wounds {unknown}
 o - 3 potions of degeneration {unknown}
 r - a potion of lignification {unknown}
 u - a potion of cancellation {unknown}
Comestibles
 e - 4 bread rations
 p - a slice of pizza


   Skills:
 - Level 1.0 Fighting
 - Level 1.0 Short Blades
 + Level 2.4 Dodging
 + Level 2.9 Stealth
 + Level 1.1 Shields
 + Level 4.1 Evocations


You had 2 spell levels left.
You didn't know any spells.

Dungeon Overview and Level Annotations

Branches:
Dungeon (4/15)
 Temple: D:4-7

Altars:
Vehumet


Innate Abilities, Weirdness & Mutations

You cannot wear most types of armour.
You are amphibious.
You can wear up to eight rings at the same time.
You can use your tentacles to constrict eight enemies at once.
Your skin changes colour to match your surroundings (Stealth).
Your rubbery body absorbs attacks (AC +1).


Message History

The hippogriff resists with significant effort.
This wand has 13 charges left.
You block the hippogriff's attack. The hippogriff pecks you.
The hippogriff claws you.
Evoke which item? (* to show all) (? for menu, Esc to quit)
Zapping:
c - a wand of enslavement (15)
Press: ? - help, Shift-Dir - straight line, f/p - hippogriff
Aim: a hippogriff (moderately wounded, chance to defeat MR: 54%)
The hippogriff resists with significant effort.
This wand has 14 charges left.
The hippogriff bites you.
* * * LOW HITPOINT WARNING * * *
The hippogriff pecks you.
* * * LOW HITPOINT WARNING * * *
The hippogriff closely misses you.
Evoke which item? (* to show all) (? for menu, Esc to quit)
Zapping:
c - a wand of enslavement (14)
Press: ? - help, Shift-Dir - straight line, f/p - hippogriff
Aim: a hippogriff (moderately wounded, chance to defeat MR: 54%)
The hippogriff resists with significant effort.
This wand has 13 charges left.
The hippogriff bites you!
You die...

....####.#.#.###.#
.... #.#.#.# #.#
.#.#####.#.#.###.#
##........>....
#.####......... #
#....#..##
).#.#####....# .#
......H......# #
.......@.#####
###.....## #######


You could see a hippogriff.

Vanquished Creatures
  A worker ant (D:3)
  A worm (D:3)
  2 giant cockroaches
  A hobgoblin (D:2)
  3 jackals (D:1)
  3 kobolds
  3 quokkas
  2 ball pythons
  3 bats
  5 giant newts
  4 goblins
  2 rats (D:1)
30 creatures vanquished.

Notes
Turn   | Place    | Note
--------------------------------------------------------------
     0 | D:1      | M4edhros the Octopode Artificer began the quest for the Orb.
     0 | D:1      | Reached XP level 1. HP: 13/13 MP: 3/3
   701 | D:1      | Reached XP level 2. HP: 13/18 MP: 4/4
  1339 | D:3      | Reached skill level 4 in Evocations
  1343 | D:3      | Reached XP level 3. HP: 23/23 MP: 6/6
  1442 | D:3      | Reached skill level 1 in Shields
  1512 | D:4      | Found a radiant altar of Vehumet.
  1552 | D:4      | Noticed a hippogriff
  1558 | D:4      | Slain by a hippogriff

Action                   || total
-------------------------++-------
Melee: Dagger            ||    47
       Short sword       ||     2
Evoke: Wand              ||     4
 Stab: Sleeping          ||    12
  Eat: Chunk             ||     1
